 Dungeon Crawl Stone Soup version 0.19-a0-465-g1d1674b (webtiles) character file.

448 Kidiri the Magician (level 6, 0/34 HPs)
             Began as a Deep Elf Fire Elementalist on June 3, 2016.
             Slain by Sigmund
             ... wielding a +5 scythe of holy wrath
              (7 damage)
             ... on level 3 of the Dungeon.
             The game lasted 00:11:12 (3534 turns).

Kidiri the Magician (Deep Elf Fire Elementalist)    Turns: 3534, Time: 00:11:13

Health: 0/34       AC:  6    Str:  5    XL:     6   Next: 73%
Magic:  6/16       EV: 13    Int: 27    God:
Gold:   99         SH:  0    Dex: 15    Spells: 5 memorised, 3 levels left

rFire  . . .     SeeInvis .     j - +0 dagger
rCold  . . .     Gourm    .     a - +0 robe
rNeg   . . .     Faith    +     (no shield)
rPois  .         Spirit   .     e - +0 helmet
rElec  .         Dismiss  .     (no cloak)
rCorr  .         Reflect  .     k - +2 pair of gloves
SustAt .         Harm     .     (no boots)
MR     .....                    q - amulet of faith
Stlth  ++........               o - ring of wizardry
                                g - +5 ring of intelligence

@: not resistant to hostile enchantments, unstealthy
A: mutation resistance 1
a: no special abilities


You were on level 3 of the Dungeon.
You were not hungry.

You visited 1 branch of the dungeon, and saw 3 of its levels.

You collected 99 gold pieces.

Inventory:

Hand Weapons
 j - a +0 dagger (weapon)
Armour
 a - a +0 robe (worn)
 e - a +0 helmet (worn)
 k - a +2 pair of gloves (worn)
Jewellery
 g - a +5 ring of intelligence (left hand)
 o - a ring of wizardry (right hand)
 q - an amulet of faith (around neck)
Potions
 l - a potion of cure mutation
 m - a potion of magic
 n - a potion of cancellation
 r - a potion of lignification
 t - a potion of haste {unknown}
Books
 b - a book of Flames

   Spells                             Type                      Level
   a - Flame Tongue                   Conjuration/Fire             1
   b - Throw Flame                    Conjuration/Fire             2
   c - Conjure Flame                  Conjuration/Fire             3
   d - Inner Flame                    Hexes/Fire                   3
   e - Sticky Flame                   Conjuration/Fire             4
   f - Fireball                       Conjuration/Fire             5
Comestibles
 c - 3 bread rations
 d - 2 royal jellies
 f - 2 beef jerkies
 h - 10 chunks of flesh
 i - a meat ration


   Skills:
 + Level 1.2 Fighting
 + Level 1.2 Short Blades
 + Level 1.0 Armour
 + Level 2.9 Dodging
 - Level 2.4 Stealth
 * Level 5.8 Spellcasting
 * Level 3.5 Conjurations
 * Level 5.1 Fire Magic


You had 3 spell levels left.
You knew the following spells:

 Your Spells              Type           Power        Failure   Level  Hunger
a - Flame Tongue          Conj/Fire      ####.        1%          1    None
b - Throw Flame           Conj/Fire      ####..       1%          2    None
c - Conjure Flame         Conj/Fire      ####....     1%          3    None
d - Inner Flame           Hex/Fire       ###.....     4%          3    None
e - Sticky Flame          Conj/Fire      ####....     6%          4    ###....


Dungeon Overview and Level Annotations

Branches:
Dungeon (3/15)

Altars:

Annotations:
D:3 Sigmund


Innate Abilities, Weirdness & Mutations

You are somewhat resistant to further mutation.


Message History

Sigmund burns!
Sigmund drinks a potion.
Sigmund suddenly seems more agile.
Sigmund burns!
Sigmund says, "Don't worry, I'll kill you fast."
Things that are here:
a club; an animal skin Unknown command.
Sigmund burns!
Sigmund stops burning.
Sigmund says, "I'm your fate."
Sigmund mumbles some strange words.
Sigmund flickers and vanishes!
Deactivating autopickup; reactivate with Ctrl-A.
Unknown command.
Unknown command.
A puff of flame appears from out of thin air!
The puff of flame hits you!
You hear some strange, mumbled words.
Something tries to affect you, but you resist.
Unknown command.
Something hits you!
You die...

# #...............####
#..........##...##..
#####..........#8...8#..
.<.%...........##...##..
#.............##...##..
#.............##...##..
#.....).).....# .8#..
#....)).).....# #..
#.....@######## #..
#......# #.. #......#
#.. #......# #.#
#......# #.# ########
#####.# #.....# #.....#
#.....#


There were no monsters in sight!

Vanquished Creatures
  Grinder (D:3)
  An orc priest (D:3)
  2 orc wizards (D:3)
  Robin (D:3)
  4 adders
  4 gnolls
  An ooze (D:1)
  A worm (D:2)
  2 dart slugs
  3 giant geckos
  5 orcs (D:3)
  3 bats
  5 giant cockroaches
  17 goblins
  8 hobgoblins
  A jackal (D:1)
  5 kobolds
  A quokka (D:2)
  A ball python (D:3)
  4 giant newts
  7 rats
77 creatures vanquished.

Notes
Turn   | Place    | Note
--------------------------------------------------------------
     0 | D:1      | Kidiri the Deep Elf Fire Elementalist began the quest for the Orb.
     0 | D:1      | Reached XP level 1. HP: 10/10 MP: 6/6
   488 | D:1      | Reached XP level 2. HP: 15/15 MP: 6/8
   492 | D:1      | Learned a level 2 spell: Throw Flame
   854 | D:1      | Reached XP level 3. HP: 19/19 MP: 7/10
   859 | D:1      | Learned a level 3 spell: Conjure Flame
   863 | D:1      | Learned a level 3 spell: Inner Flame
  1980 | D:2      | Reached XP level 4. HP: 24/24 MP: 4/12
  2531 | D:3      | Reached XP level 5. HP: 28/28 MP: 0/14
  2579 | D:3      | Reached skill level 5 in Spellcasting
  2660 | D:3      | Learned a level 4 spell: Sticky Flame
  2998 | D:3      | Noticed Grinder
  3004 | D:3      | Paralysed by Grinder for 7 turns
  3011 | D:3      | Killed Grinder
  3011 | D:3      | Reached skill level 1 in Short Blades
  3011 | D:3      | Reached XP level 6. HP: 15/33 MP: 10/16
  3205 | D:3      | Noticed Sigmund
  3236 | D:3      | Reached skill level 1 in Fighting
  3285 | D:3      | Reached skill level 1 in Armour
  3285 | D:3      | Reached skill level 5 in Fire Magic
  3456 | D:3      | Noticed Robin
  3471 | D:3      | Gained mutation: You are somewhat resistant to further mutation. [potion of mutation]
  3471 | D:3      | HP: 1/34 [goblin[Robin] (3)]
  3487 | D:3      | Killed Robin
  3534 | D:3      | Slain by Sigmund

Vault maps used:
D:1:      minmay_arrival_four_circles, kennysheep_nondescript
D:2:      first_bread
D:3:      serial_corexii_hall, corexii_hall_statues_i, corexii_hall_statues_x,
          corexii_hall_statues_deadend, corexii_hall_statues_u, uniq_grinder,
          uniq_sigmund, uniq_robin

Skill      XL: |  1  2  3  4  5  6 |
---------------+-------------------+-----
Conjurations   | 2 3 |  3.5
Spellcasting   | 4 5 |  5.8
Fire Magic     | 4 5 |  5.1
Short Blades   | 1 |  1.2
Fighting       | 1 |  1.2
Armour         | 1 |  1.0
Dodging        | |  2.9
Stealth        | |  2.4

Action                   |  1- 3 |  4- 6 || total
-------------------------+-------+-------++-------
Melee: Club              |     2 |       ||     2
       Dagger            |     4 |    21 ||    25
 Cast: Flame Tongue      |    36 |    62 ||    98
       Throw Flame       |    16 |    22 ||    38
       Conjure Flame     |       |     2 ||     2
       Inner Flame       |       |     1 ||     1
       Sticky Flame      |       |     1 ||     1
  Use: Scroll            |       |     7 ||     7
       Potion            |       |     6 ||     6
 Stab: Sleeping          |     2 |     1 ||     3
  Eat: Chunk             |     3 |     5 ||     8
Armor: Robe              |     1 |    24 ||    25
       Skin              |       |    51 ||    51
Dodge: Dodged            |     5 |    42 ||    47
